 Dungeon Crawl Stone Soup version 0.16-a0-2930-gdd371d7 (webtiles) character file.

1418 Malachi the Poker (level 8, 0/66 HPs)
             Began as a Centaur Gladiator on Dec 2, 2014.
             Was an Initiate of Ru.
             Killed by nerve-wracking pain
             ... invoked by an orc priest
              (8 damage)
             ... on level 7 of the Dungeon.
             The game lasted 00:12:31 (5636 turns).

Malachi the Poker (Centaur Gladiator)               Turns: 5636, Time: 00:12:31

Health: 0/66       AC: 11    Str: 19    XL:     8   Next: 43%
Magic:  6/6        EV:  3    Int:  7    God:    Ru [......]
Gold:   309        SH:  0    Dex: 11    Spells: 0 memorised, 7 levels left

rFire  . . .     SeeInvis .     b - +2 halberd
rCold  + . .     Clarity  .     C - +0 plate armour
rNeg   . . .     SustAb   .     (no shield)
rPois  .         Gourm    .     c - +1 helmet
rElec  +         Spirit   .     (no cloak)
rCorr  .         Warding  .     (no gloves)
rMut   .         Stasis   .     (no barding)
MR     .....                    x - amulet of regeneration
Stlth  ..........               (no ring)
                                s - ring of protection from cold

@: very quick, not resistant to hostile enchantments, extremely unstealthy
A: hooves 3, deformed body, speed 2, electricity resistance, tough skin 3, wild
magic 1, MP-powered wands 1
a: Renounce Religion


You were on level 7 of the Dungeon.
You worshipped Ru.
Ru was noncommittal.
You were very hungry.

You visited 2 branches of the dungeon, and saw 8 of its levels.

You collected 309 gold pieces.

Inventory:

Hand weapons
 a - a +0 trident
 b - a +2 halberd (weapon)
Missiles
 d - 3 throwing nets (quivered)
Armour
 c - a +1 helmet (worn)
 g - a +2 shield
 C - a +0 plate armour (worn)
Jewellery
 i - an uncursed ring of sustain abilities {unknown}
 r - an uncursed amulet of guardian spirit
 s - a ring of protection from cold (left hand)
 x - an amulet of regeneration (around neck)
 z - an uncursed amulet of clarity
 B - an uncursed amulet of warding
 D - an uncursed ring of protection from fire {unknown}
Magical devices
 o - a wand of hasting (7)
 y - a wand of cold (8)
Scrolls
 e - 4 scrolls of amnesia
 h - 2 scrolls of identify
 j - a scroll of holy word {unknown}
 k - a scroll of fear
 m - 3 scrolls of recharging
 v - 2 scrolls of remove curse
Potions
 p - 6 potions of curing
Comestibles
 f - 3 bread rations
 l - 2 slices of pizza
 n - a royal jelly
 q - 4 fruits


   Skills:
 + Level 4.2 Fighting
 * Level 7.0 Polearms
 + Level 2.9 Throwing
 + Level 3.3 Armour
 + Level 4.1 Dodging


You had 7 spell levels left.
You didn't know any spells.

Dungeon Overview and Level Annotations

Branches:
Dungeon (7/15)             Temple (1/1) D:6

Altars:
Ashenzari
Cheibriados
Dithmenos
Gozag
Kikubaaqudgha
Nemelex Xobeh
Okawaru
Qazlal
Ru
Vehumet
Xom
Yredelemnul
Zin
The Shining One


Innate Abilities, Weirdness & Mutations

You have hooves in place of feet.
Armour fits poorly on your strangely shaped body.
You cover ground very quickly.
You have extremely tough skin (AC +3).
You are resistant to electric shocks.
Your spells are a little harder to cast, but a little more powerful.
You expend magic power (6 MP) to slightly strengthen your wands.


Message History

You hit the orc priest.
The orc priest is severely wounded.
The orc hits you but does no damage.
The orc priest hits you but does no damage.
The orc priest completely misses you.
You barely miss the orc priest.
The orc priest is severely wounded.
The orc hits you but does no damage.
The orc priest hits you with a falchion.
* * * LOW HITPOINT WARNING * * *
The orc priest hits you but does no damage.
You closely miss the orc priest. You kick the orc priest.
The orc priest is severely wounded.
The orc priest calls down the wrath of Beogh upon you.
Pain shoots through your body!
* * * LOW HITPOINT WARNING * * *
The orc priest barely misses you. The orc hits you but does no damage.
The orc priest calls down the wrath of Beogh upon you.
Pain shoots through your body!
You die...

#...
##....# ##
##.....
.≈≈# #.....
...≈##....
#._._#...
^_.≈#.^oo#
#o.#
###@##..#
##.......#
##........#
#.#.#.#####
#.#...#
###.#####
#..<# #.###
#.#


You could see 2 orc priests and an orc.

Vanquished Creatures
  An orc warrior (D:7)
  A centaur (D:5)
  Sigmund (D:6)
  5 scorpions
  2 crimson imps (D:6)
  A hound (D:6)
  2 centaur skeletons
  3 orc priests
  5 orc wizards
  4 worker ants
  2 iguanas (D:5)
  Ijyb (D:4)
  A worker ant zombie (D:6)
  13 adders
  4 gnolls (D:4)
  A giant mite (D:4)
  A shadow imp (D:6)
  5 worms
  3 oozes
  21 orcs
  4 ball pythons
  5 giant cockroaches
  14 goblins
  16 hobgoblins
  6 jackals
  6 kobolds
  2 quokkas
  14 bats
  7 giant geckos
  6 giant newts
  A jackal zombie (D:5)
  11 rats
169 creatures vanquished.

Notes
Turn   | Place    | Note
--------------------------------------------------------------
     0 | D:1      | Malachi, the Centaur Gladiator, began the quest for the Orb.
     0 | D:1      | Reached XP level 1. HP: 17/17 MP: 1/1
   119 | D:1      | Reached skill level 3 in Polearms
   119 | D:1      | Reached XP level 2. HP: 15/24 MP: 2/2
   523 | D:2      | Reached XP level 3. HP: 18/29 MP: 3/3
  1349 | D:3      | Reached XP level 4. HP: 36/36 MP: 3/3
  1513 | D:3      | Reached skill level 4 in Polearms
  1513 | D:3      | Reached XP level 5. HP: 27/42 MP: 4/4
  1711 | D:3      | Noticed a scorpion
  1714 | D:3      | Reached skill level 1 in Armour
  1740 | D:3      | Killed a scorpion
  2335 | D:3      | Reached XP level 6. HP: 47/50 MP: 5/5
  2598 | D:4      | Noticed Ijyb
  2615 | D:4      | Killed Ijyb
  2702 | D:4      | Reached skill level 5 in Polearms
  3067 | D:4      | Reached XP level 7. HP: 40/57 MP: 5/5
  3719 | D:5      | Entered Level 5 of the Dungeon
  3993 | D:5      | Reached skill level 6 in Polearms
  4594 | D:6      | Reached XP level 8. HP: 36/66 MP: 6/6
  4979 | D:6      | Noticed Sigmund
  5000 | D:6      | Killed Sigmund
  5095 | D:6      | Found a staircase to the Ecumenical Temple.
  5293 | D:6      | Found a glowing silver altar of Zin.
  5293 | D:6      | Found a radiant altar of Vehumet.
  5297 | D:6      | Found a snail-covered altar of Cheibriados.
  5299 | D:6      | Found a shattered altar of Ashenzari.
  5300 | D:6      | Found a basalt altar of Yredelemnul.
  5412 | Temple   | Entered the Ecumenical Temple
  5511 | Temple   | Became a worshipper of Ru the Awakened
  5614 | D:7      | Found a shimmering altar of Xom.
  5614 | D:7      | Found a shimmering altar of Xom.
  5616 | D:7      | Found a shimmering altar of Xom.
  5623 | D:7      | Reached skill level 7 in Polearms
  5632 | D:7      | Gained mutation: You expend magic power (6 MP) to slightly strengthen your wands. [potion of mutation]
  5632 | D:7      | Gained mutation: Your spells are a little harder to cast, but a little more powerful. [potion of mutation]
  5632 | D:7      | Gained mutation: You are resistant to electric shocks. [potion of mutation]
  5636 | D:7      | Killed from afar by an orc priest

Action                   |  1- 3 |  4- 6 |  7- 9 || total
-------------------------+-------+-------+-------++-------
Melee: Trident           |   146 |   286 |     9 ||   441
       Halberd           |       |       |   338 ||   338
  Use: Potion            |       |     3 |     6 ||     9
       Scroll            |       |     5 |    10 ||    15
  Eat: Chunk             |     1 |     5 |     9 ||    15
